 Dungeon Crawl Stone Soup version 0.31-a0-986-g5e6e4ef867 (webtiles) character file.

Game seed: 11916588402614773343

12468 Zonian the Thaumaturge (level 11, -5/48 HPs)
             Began as a Deep Elf Conjurer on Nov 12, 2023.
             Was a Believer of Hepliaklqana.
             Slain by a yak (14 damage)
             ... on level 1 of the Lair of Beasts.
             The game lasted 01:02:45 (16647 turns).

Zonian the Thaumaturge (Deep Elf Conjurer)         Turns: 16647, Time: 01:02:46

Health: -5/48      AC:  8    Str: 14    XL:     11   Next: 62%
Magic:  9/27       EV: 16    Int: 28    God:    Hepliaklqana [**....]
Gold:   342        SH:  0    Dex: 13    Spells: 10/31 levels left

rFire   + . .        m - +3 dagger (protect) {short}
rCold   x . .        f - orb {*channel}
rNeg    . . .        k - +1 leather armour "Minulaos" {rCorr Str+4}
rPois   +            (no helmet)
rElec   .            (no cloak)
rCorr   +            p - +1 pair of gloves
SInv    .            d - +1 pair of boots
Will    +....        (no amulet)
Stlth   ++++         r - +6 ring of strength
HPRegen 0.28/turn    D - ring of Woll {Fire rPois}
MPRegen 0.20/turn

%: channel magic (20%)
@: marked
A: reduced essence
a: Renounce Religion, Recall Ancestor, Ancestor Identity


You were on level 1 of the Lair of Beasts.
You worshipped Hepliaklqana.
Hepliaklqana was pleased with you.
You visited 3 branches of the dungeon, and saw 11 of its levels.

You collected 571 gold pieces.
You spent 229 gold pieces at shops.


   Skills:
 + Level 10.1 Dodging
 - Level 10.3 Stealth
 + Level 10.9 Spellcasting
 + Level 9.8 Conjurations
 + Level 9.0 Hexes
 + Level 6.5 Translocations
 - Level 4.0 Invocations


You had 10 spell levels left.
You knew the following spells:

 Your Spells              Type           Power      Damage    Failure   Level
a - Magic Dart            Conj           100%       1d8       1%          1
b - Searing Ray           Conj           100%       2d8       1%          2
c - Dazzling Flash        Conj/Hex       100%       N/A       2%          3
d - Fulminant Prism       Conj/Hex       31%        3d16      4%          4
e - Iskenderun's Mystic   Conj/Tloc      57%        2d12      7%          4
f - Jinxbite              Hex            100%       N/A       2%          2
g - Iskenderun's Battles  Conj           63%        2d11      9%          5

Your spell library contained the following spells:

 Spells                   Type           Power      Damage    Failure   Level
 Apportation              Tloc           100%       N/A       2%          1
 Tukima's Dance           Hex            60%        N/A       3%          3
 Gell's Gravitas          Tloc           51%        N/A       5%          3
 Teleport Other           Tloc           51%        N/A       5%          3
 Brom's Barrelling Bould  Conj/Erth      43%        2d6       17%         4
 Fireball                 Conj/Fire      29%        3d13      36%         5
 Summon Lightning Spire   Summ/Air       15%        N/A       65%         4
 Dispersal                Tloc           25%        N/A       67%         6
 Orb of Destruction       Conj           31%        9d10      77%         7
 Conjure Ball Lightning   Conj/Air       21%        3x3d6     85%         6
 Alistair's Intoxication  Tmut/Pois      10%        N/A       91%         5
 Maxwell's Capacitive Co  Air            7%         ∞         100%        8

Inventory:

Hand Weapons
 b - a +4 trident of draining {polearm}
   (You took it off Jeremiah on level 1 of the Lair of Beasts)
 c - a +0 hand axe {axe}
   (You found it on level 1 of the Dungeon)
 g - a +0 short sword {short}
   (You found it on level 1 of the Dungeon)
 h - a +0 spear {polearm}
   (You found it on level 1 of the Dungeon)
 i - a +0 heavy short sword {short}
   (You took it off a kobold on level 2 of the Dungeon)
 m - a +3 dagger of protection (weapon) {short}
   (You took it off a kobold on level 2 of the Dungeon)
 G - a +0 rapier of draining {short}
   (You found it on level 6 of the Dungeon)
 H - the +7 spear of Debt {flame, Str+4 Int-2 Dex+7, polearm}
   (You found it on level 7 of the Dungeon)

   Str+4:     It affects your strength (+4).
   Int-2:     It affects your intelligence (-2).
   Dex+7:     It affects your dexterity (+7).
 L - a +0 battleaxe of flaming {axe}
   (You took it off an orc warrior on level 8 of the Dungeon)
Missiles
 e - a throwing net {=f!fthrowing}
 C - 2 boomerangs {throwing}
 K - 5 poisoned darts {throwing}
Armour
 a - a +0 robe
 d - a +1 pair of boots (worn)
   (You found it on level 5 of the Dungeon)
 f - an orb of energy (worn)
   (You took it off Jeremiah on level 1 of the Lair of Beasts)
 k - the +1 leather armour "Minulaos" (worn) {rCorr Str+4}
   (You found it on level 3 of the Dungeon)

   Str+4:     It affects your strength (+4).
   rCorr:     It protects you from acid and corrosion.
 o - a scarf of harm
   (You found it on level 2 of the Lair of Beasts)
 p - a +1 pair of gloves (worn)
   (You found it on level 2 of the Dungeon)
Magical Staves
 y - a staff of death {!astaff}
   (You found it on level 3 of the Dungeon)
Jewellery
 r - a +6 ring of strength (left hand)
   (You found it on level 3 of the Dungeon)
 D - the ring of Woll (right hand) {Fire rPois}
   (You found it on level 6 of the Dungeon)

   [ring of fire]

   Fire:      It enhances your fire magic.
   rF+:       It protects you from fire.
   rC-:       It makes you vulnerable to cold.
   rPois:     It protects you from poison
 E - a ring of see invisible
   (You found it on level 6 of the Dungeon)
Wands
 s - a wand of flame (13)
   (You took it off an orc on level 5 of the Dungeon)
 I - a wand of polymorph (6)
   (You found it on level 1 of the Lair of Beasts)
 J - a wand of digging (7)
   (You found it on level 7 of the Dungeon)
Scrolls
 n - 2 scrolls of silence {!r}
 u - a scroll of noise {!r}
Potions
 j - 2 potions of enlightenment
 l - a potion of attraction {!q}
 q - 2 potions of curing {@q1}
 t - a potion of mutation {!q}
 F - 2 potions of brilliance

Dungeon Overview and Level Annotations

Branches:
Dungeon (8/15) Zot: 24984  Temple (1/1) D:6 Zot: 5933    Lair (2/5) D:8 Zot: 9379
  Swamp: Lair:2-3    Shoals: Lair:2-3     Snake: Lair:2-3    Spider: Lair:2-3

Altars:
Ashenzari
Cheibriados
Dithmenos
Elyvilon
Fedhas
Gozag
Hepliaklqana
Kikubaaqudgha
Makhleb
Nemelex Xobeh
Okawaru
Qazlal
Ru
Sif Muna
Trog
Uskayaw
Vehumet
Wu Jian
Xom
Yredelemnul
Zin
The Shining One

Shops:
D:2 !((?   D:6 (   D:7 =

Annotations:
Lair:1 exclusion: ice statue

[.................n............~≈
...............)..†4............~
#.......###P#...F#######......#~~
.......## ###..n## ##.....#~~
P......# #.....# #......#.~
#......# ##..4.# ##.....##.
#......## #...## #.....##~
........# #..Y# ##.....#.#
#......### #..@# #......##.
##.......# #...# ###.....P#.
##......## #.... ............
##...[..####..... ............
##.......##...................
##......######..#####.....###
##.......# ### #.....# ##......##
#.....## ##......## #.....P#


You could see an ice devil, a bog body, a yak and a blink frog.


Message History

The mystic blast hits the blink frog!
The blink frog is knocked back by the mystic blast.
The blink frog collides with the blink frog!
ZARDOZ avoids your attack.
The mystic blast hits the blink frog!
The blink frog is knocked back by the mystic blast. 😮 HP[+1] MP[-4]
You lost 4 mp, and now have 19/27 mp.
Unknown command.
You closely miss the blink frog.
The blink frog blinks!
The blink frog misses you.
Unknown command.
ZARDOZ hits Harold with a +0 flail!
The blink frog blinks! x2
ZARDOZ blocks Harold's attack. 😮 MP[+1] Unknown command.
Casting: Iskenderun's Mystic Blast (dangerous; 8% risk of failure)
Confirm with . or Enter, or press ? or * to list all spells.
You erupt in a blast of force!
The mystic blast hits Harold!
Harold is knocked back by the mystic blast.
ZARDOZ avoids your attack.
The mystic blast hits the blink frog!
You kill the blink frog!
Your Dodging skill increases to level 10! 😮 HP[+1] MP[-4]
You lost 4 mp, and now have 16/27 mp.
Unknown command.
Okay, then.
Okay, then.
The blink frog hits ZARDOZ.
ZARDOZ blocks the blink frog's attack.
ZARDOZ hits Harold but does no damage.
Unknown command.
Casting: Iskenderun's Mystic Blast (dangerous; 8% risk of failure)
Confirm with . or Enter, or press ? or * to list all spells.
Aiming: Searing Ray (safe; 1% risk of failure)
Press: ? - help, Shift-Dir - straight line, f/p - Harold
Aim: Harold, wielding a +0 war axe and wearing a +0 chain mail (almost dead, ally target, 92% to hit)
ZARDOZ avoids your attack.
The searing ray hits Harold! (Press . to maintain the ray.) Magical energy flows into your mind!
The blink frog hits ZARDOZ!
ZARDOZ is destroyed!
Unknown command.
The searing ray misses Harold.
Harold hits you with a +0 war axe! The blink frog hits you.
* * * LOW HITPOINT WARNING * * *
😨 HP[-14] MP[-1]
You take 14 damage, and now have 21/48 hp.
MASSIVE DAMAGE!! (PAUSE)
You lost 1 mp, and now have 15/27 mp.
The searing ray hits Harold.
The blink frog barely misses you. The blink frog hits you!
* * * LOW HITPOINT WARNING * * *
The blink frog blinks!
Harold hits you with a +0 war axe.
* * * LOW HITPOINT WARNING * * *
The blink frog blinks! 😨 HP[-7]
You take 7 damage, and now have 14/48 hp.
Unknown command.
The searing ray hits Harold!
You kill Harold!
Harold groans, "My... family..." and then collapses, dead.
You finish channelling your searing ray.
The bog body gestures at you while chanting.
You resist with some effort. 😨 MP[-1]
You lost 1 mp, and now have 14/27 mp.
Unknown command.
Okay, then.
The blink frog hits you!
* * * LOW HITPOINT WARNING * * *
😱 HP[-7]
You take 7 damage, and now have 7/48 hp.
Unknown command.
Casting: Searing Ray (safe; 1% risk of failure)
Confirm with . or Enter, or press ? or * to list all spells.
Casting: Dazzling Flash (dangerous; 2% risk of failure)
Press: ? - help, Dir - look around, f - activate The blink frog is dazzled.
The yak is dazzled.
The blink frog closely misses you. 😱 HP[+1] MP[-3]
You lost 3 mp, and now have 11/27 mp.
Unknown command.
Casting: Dazzling Flash (dangerous; 2% risk of failure)
Confirm with . or Enter, or press ? or * to list all spells.
You erupt in a blast of force!
The mystic blast hits the bog body!
The bog body is knocked back by the mystic blast.
The mystic blast hits the yak!!
The mystic blast hits the blink frog!
The blink frog is knocked back by the mystic blast.
The mystic blast hits the blink frog!!
You kill the blink frog!
Your Hexes skill increases to level 9! 😱 MP[-4]
You lost 4 mp, and now have 7/27 mp.
Unknown command. 😱 MP[+1]
The yak is no longer blind.
The blink frog is no longer blind.
The blink frog blinks!
Unknown command. 😱 HP[+1] Unknown command.
The yak attacks as it pursues you! The yak gores you!
You die...

Skill      XL: |  1  2  3  4  5  6  7  8  9 10 11 |
---------------+----------------------------------+-----
Stealth        | 3 4 5 6 7 8 9 10 | 10.3
Dodging        | 3 4 5 7 8 9 10 | 10.1
Spellcasting   | 4 5 6 7 9 10 | 10.9
Conjurations   | 5 6 7 8 9 |  9.8
Hexes          | 2 4 6 7 9 |  9.0
Translocations | 1 3 5 6 |  6.5
Invocations    | 3 4 |  4.0

Action                     |  1- 3 |  4- 6 |  7- 9 | 10-12 || total
---------------------------+-------+-------+-------+-------++-------
  Melee: Dagger            |     2 |     1 |     6 |    33 ||    42
   Cast: Magic Dart        |    89 |    79 |   196 |    47 ||   411
         Searing Ray       |       |    13 |    54 |    35 ||   102
         Iskenderun's Myst |       |       |       |    15 ||    15
         Dazzling Flash    |       |       |       |     4 ||     4
         Fulminant Prism   |       |       |       |     3 ||     3
 Invoke: Ancestor Identity |       |       |     1 |       ||     1
         Recall Ancestor   |       |       |       |     2 ||     2
         Ancestor Life: Kn |       |       |       |     1 ||     1
  Evoke: Wand              |       |     4 |       |     4 ||     8
    Use: Scroll            |       |     5 |    15 |     8 ||    28
         Potion            |       |     3 |       |     7 ||    10
   Stab: Sleeping          |       |       |     1 |     1 ||     2
 Armour: Robe              |     3 |    27 |     1 |       ||    31
         Leather armour    |       |       |    47 |    70 ||   117
         Skin              |       |       |       |    60 ||    60
  Dodge: Dodged            |     2 |    35 |    61 |    82 ||   180

Levels and vault maps discovered:
D:1:      minmay_arrival_plants_in_alcoves, layout_loops_corners, st_stairs_3,
          hangedman_decor_growths
D:2:      layout_basic, serial_shops, shop, shop,
          nicolae_shop_bloodbath_and_beyond, shop
D:3:      gammafunk_wand_slinger, layout_rooms, serial_undead, serial_undead_c,
          serial_undead_f, serial_undead_d, serial_undead_b,
          gammafunk_ghost_mausoleum, kennysheep_jessica_study
D:4:      layout_layer_cave, makhleb_altar_promises_db, tso_altar
D:5:      layout_cave_pods
D:6:      layout_rooms, minmay_temple_entry_offerings, nicolae_shop_firing_range
D:7:      layout_basic, serial_shops, shop, hangedman_misty_isle
D:8:      black_bear_nest_2, layout_cave_pools, brannock_xom_greatest_gift,
          nicolae_ashenzari_skybound, dpeg_oklobed_lair, serial_park,
          serial_park_square3 [serial_park_minivault_5x5_6],
          serial_park_square2, serial_park_square3 [serial_park_minivault_5x5_2]
Temple:   hc_temple_tempest_star
Lair:1:   dreamdust_isle_of_ice, layout_hall_layers,
          infiniplex_staircase_pool_2, uniq_amaemon, uniq_harold, uniq_jeremiah
Lair:2:   layout_chaotic_city, nicolae_snake_entry_squirm, grunt_megastairs_3

Notes
Turn   | Place    | Note
-------+----------+-------------------------------------------
     0 | D:1      | Zonian the Deep Elf Conjurer began the quest for the Orb.
     0 | D:1      | Reached XP level 1. HP: 10/10 MP: 6/6
     0 | D:1      | magus.rc [v1.9.6]
   292 | D:1      | Reached XP level 2. HP: 15/15 MP: 2/8
   568 | D:1      | Reached skill level 3 in Stealth
   955 | D:1      | Reached skill level 3 in Dodging
  1006 | D:1      | Reached XP level 3. HP: 19/19 MP: 8/10
  1347 | D:2      | Found Meom's Weapon Shop.
  1466 | D:2      | Found Pirepsaxt's Distillery.
  1575 | D:2      | You add the spells Gell's Gravitas, Teleport Other and
                  | Dispersal to your library.
  1802 | D:2      | Found Narat's Weapon Emporium.
  2013 | D:2      | Learned a level 2 spell: Searing Ray
  2017 | D:2      | Learned a level 3 spell: Dazzling Flash
  2102 | D:2      | Found Wiowic's Magic Scroll Shoppe.
  2109 | D:2      | Bought a scroll of blinking for 90 gold pieces
  2318 | D:3      | Found a transporter.
  2475 | D:3      | Reached XP level 4. HP: 24/24 MP: 7/11
  2582 | D:3      | Found a transporter.
  2584 | D:3      | Found a transporter.
  2584 | D:3      | Noticed Tollund's ghost (amateur DrSh)
  2605 | D:3      | Reached skill level 4 in Spellcasting
  2808 | D:3      | Reached skill level 5 in Conjurations
  2924 | D:3      | Found a transporter.
  2943 | D:3      | You fall into a shaft and drop 3 floors!
  2948 | D:5      | Entered Level 5 of the Dungeon
  2955 | D:5      | Reached skill level 4 in Stealth
  3180 | D:5      | Noticed a scorpion
  3191 | D:5      | Reached XP level 5. HP: 28/28 MP: 7/13
  3195 | D:5      | Reached skill level 4 in Dodging
  3562 | D:4      | Reached skill level 5 in Spellcasting
  3562 | D:4      | Reached XP level 6. HP: 32/32 MP: 6/15
  4288 | D:3      | Reached skill level 5 in Stealth
  5171 | D:3      | Killed Tollund's ghost
  5172 | D:3      | Reached skill level 5 in Dodging
  5172 | D:3      | Reached skill level 6 in Conjurations
  5172 | D:3      | Reached XP level 7. HP: 36/36 MP: 13/17
  5235 | D:3      | Identified the +1 leather armour "Minulaos" {rCorr Str+4}
  5484 | D:3      | Noticed Jessica
  5487 | D:3      | Killed Jessica
  5817 | D:4      | Found a glowing golden altar of the Shining One.
  6171 | D:4      | Reached skill level 6 in Spellcasting
  6303 | D:4      | Reached skill level 1 in Hexes
  6326 | D:4      | Found a burning altar of Makhleb.
  7363 | D:4      | Noticed a green death
  7366 | D:4      | Noticed a ynoxinul
  7366 | D:4      | Noticed a ynoxinul
  7404 | D:4      | Reached skill level 6 in Stealth
  7529 | D:5      | Reached skill level 2 in Hexes
  7904 | D:5      | Reached XP level 8. HP: 41/41 MP: 11/19
  8184 | D:5      | Reached skill level 6 in Dodging
  8187 | D:5      | Reached skill level 3 in Hexes
  9049 | D:2      | Bought a scroll of teleportation for 36 gold pieces
  9049 | D:2      | Bought a scroll of fear for 48 gold pieces
  9102 | D:2      | Bought a potion of berserk rage for 55 gold pieces
  9239 | D:3      | Reached skill level 7 in Spellcasting
  9549 | D:6      | Found Nypiluh's Firing Range.
  9587 | D:6      | Reached skill level 7 in Stealth
  9587 | D:6      | Reached skill level 7 in Conjurations
  9587 | D:6      | Reached skill level 4 in Hexes
 10229 | D:6      | Learned a level 4 spell: Fulminant Prism
 10234 | D:6      | Learned a level 4 spell: Iskenderun's Mystic Blast
 10276 | D:6      | Identified the ring of Woll {Fire rPois}
 10491 | D:6      | Reached skill level 1 in Translocations
 10523 | D:6      | You pick up a book of Party Tricks and begin reading...
 10523 | D:6      | You add the spells Apportation, Jinxbite and Alistair's
                  | Intoxication to your library.
 10527 | D:6      | Learned a level 2 spell: Jinxbite
 10551 | D:6      | Found a staircase to the Ecumenical Temple.
 10564 | D:6      | You pick up a book of the Spheres and begin reading...
 10564 | D:6      | You add the spells Brom's Barrelling Boulder, Iskenderun's
                  | Battlesphere, Fireball, Conjure Ball Lightning and Orb of
                  | Destruction to your library.
 10589 | Temple   | Entered the Ecumenical Temple
 10638 | Temple   | Became a worshipper of Hepliaklqana the Forgotten
 10791 | D:7      | Identified the "Ytasec"
 10875 | D:7      | Reached skill level 7 in Dodging
 10875 | D:7      | Reached XP level 9. HP: 45/45 MP: 15/22
 11177 | D:7      | Identified the +7 spear of Debt {flame, Str+4 Int-2 Dex+7}
 11200 | D:7      | Found Ruxifen's Jewellery Emporium.
 11218 | D:7      | Reached skill level 5 in Hexes
 11311 | D:7      | Reached skill level 8 in Spellcasting
 11311 | D:7      | Reached skill level 2 in Translocations
 11560 | D:7      | You add the spells Tukima's Dance, Summon Lightning Spire
                  | and Maxwell's Capacitive Coupling to your library.
 11877 | D:7      | Reached skill level 8 in Stealth
 11985 | D:7      | magus.rc [v1.9.6]
 12127 | D:8      | Reached skill level 3 in Translocations
 12352 | D:8      | Reached * piety under Hepliaklqana
 12358 | D:8      | Reached skill level 8 in Conjurations
 12588 | D:8      | Reached skill level 6 in Hexes
 12734 | D:8      | Reached skill level 8 in Dodging
 12784 | D:8      | Learned a level 5 spell: Iskenderun's Battlesphere
 12982 | D:8      | Found a shimmering altar of Xom.
 13051 | D:8      | Found a staircase to the Lair.
 13407 | D:8      | Reached skill level 9 in Spellcasting
 13407 | D:8      | Reached XP level 10. HP: 29/45 MP: 11/25
 13408 | D:8      | Reached skill level 1 in Invocations
 13411 | D:8      | Reached skill level 4 in Translocations
 13774 | D:8      | Found a broken altar of Ashenzari.
 13946 | D:8      | Reached skill level 9 in Stealth
 14020 | Lair:1   | Entered Level 1 of the Lair of Beasts
 14020 | Lair:1   | Noticed Amaemon
 14020 | Lair:1   | Noticed an orange demon
 14020 | Lair:1   | Noticed Jeremiah
 14023 | Lair:1   | Noticed a cane toad
 14044 | Lair:1   | Killed an orange demon
 14045 | Lair:1   | Reached skill level 2 in Invocations
 14046 | Lair:1   | Killed Jeremiah
 14047 | Lair:1   | Reached skill level 7 in Hexes
 14048 | Lair:1   | Killed a cane toad
 14055 | Lair:1   | Killed Amaemon
 14174 | Lair:1   | Noticed a cane toad
 14184 | Lair:1   | Killed a cane toad
 14185 | Lair:1   | Reached skill level 9 in Dodging
 14185 | Lair:1   | Reached skill level 5 in Translocations
 14185 | Lair:1   | Reached skill level 3 in Invocations
 14277 | Lair:1   | Noticed Harold
 14312 | Lair:1   | Noticed a black mamba
 14326 | Lair:1   | Killed a black mamba
 14327 | Lair:1   | Reached skill level 9 in Conjurations
 14645 | Lair:1   | Reached skill level 10 in Spellcasting
 14654 | Lair:1   | HP: 11/45 [yak (9)]
 14661 | Lair:1   | Reached XP level 11. HP: 13/48 MP: 5/27
 14997 | Lair:1   | Reached ** piety under Hepliaklqana
 14998 | Lair:1   | Remembered your ancestor ZARDOZ as a knight
 15098 | Lair:1   | Noticed a boulder beetle
 15140 | Lair:1   | Noticed a bog body
 15141 | Lair:1   | Noticed a death yak
 15206 | Lair:1   | magus.rc [v1.9.6]
 15207 | Lair:1   | Noticed a death yak
 15550 | Lair:1   | Killed a boulder beetle
 15551 | Lair:1   | Reached skill level 10 in Stealth
 15551 | Lair:1   | Reached skill level 8 in Hexes
 15724 | Lair:1   | HP: 11/72 [death yak (8)]
 15729 | Lair:1   | HP: 17/108 [death yak (14)]
 15735 | Lair:1   | Killed a death yak
 15735 | Lair:1   | HP: 13/108 [death yak (5)]
 15736 | Lair:1   | Reached skill level 4 in Invocations
 15743 | Lair:1   | Killed a death yak
 16267 | Lair:2   | HP: 10/48 [elephant (10)]
 16311 | Lair:2   | Reached skill level 6 in Translocations
 16325 | Lair:2   | HP: 3/48 [elephant (10)]
 16634 | Lair:1   | Reached skill level 10 in Dodging
 16638 | Lair:1   | Killed Harold
 16639 | Lair:1   | HP: 7/48 [blink frog (7)]
 16642 | Lair:1   | Reached skill level 9 in Hexes
 16647 | Lair:1   | Slain by a yak

Vanquished Creatures
  Harold (Lair:1)
  A boulder beetle (Lair:1)
  2 death yaks (Lair:1)
  Amaemon (Lair:1)
  A black mamba (Lair:1)
  An elephant (Lair:2)
  An orange demon (Lair:1)
  A cane toad (Lair:1)
  2 rime drakes (Lair:1)
  Jeremiah (Lair:1)
  2 blink frogs (Lair:1)
  A wyvern (D:8)
  6 yaks
  The ghost of Tollund the Changeling, an amateur DrSh (D:3)
  2 basilisks
  4 steam dragons (D:7)
  2 water moccasins (Lair:1)
  6 sky beasts
  2 black bears
  3 ogres (D:5)
  6 wolves
  A centaur (D:8)
  2 kobold brigands (D:8)
  6 scorpions
  9 bullfrogs
  A cane toad simulacrum (Lair:1)
  An elephant simulacrum (Lair:1)
  3 howler monkeys (D:8)
  A bullfrog zombie (D:3)
  2 orc priests
  6 hounds
  2 bullfrog skeletons (D:3)
  Jessica (D:3)
  A gnoll bouda (D:4)
  5 iguanas
  An orc wizard (D:5)
  A hound zombie (D:3)
  11 gnolls
  9 adders
  3 shadow imps
  2 white imps
  4 worms
  5 dart slugs
  18 orcs
  3 ball pythons
  4 bats
  9 endoplasms
  7 giant cockroaches
  4 goblins
  8 hobgoblins
  4 quokkas
  2 ball python skeletons (D:3)
  5 frilled lizards
  7 kobolds
  A quokka zombie (D:3)
  2 rats
198 creatures vanquished.

Vanquished Creatures (collateral kills)
  2 elephants (Lair:2)
  A cane toad (Lair:1)
  2 water moccasins
  An orc warrior (D:8)
  A black bear (D:8)
  A wolf (Lair:1)
  2 kobolds (D:8)
10 creatures vanquished.

Vanquished Creatures (others)
  2 knights (Lair:1)
  5 ancestors
  3 fulminant prisms (Lair:1)
10 creatures vanquished.

Grand Total: 218 creatures vanquished

Table legend:
 A = Non-vault XP
 B = Vault XP
 C = Vault XP percentage of total XP
 D = Non-vault monster count
 E = Vault monster count
 F = Vault count percentage of total count
                 A         B        C        D         E       F
            +---------+---------+-------+---------+---------+-------
      Total |    9822 |    7990 |  44.9 |     164 |      44 |  21.2
            +---------+---------+-------+---------+---------+-------
        D:1 |      39 |       2 |   4.9 |      19 |       1 |   5.0
        D:2 |      48 |       0 |   0.0 |      16 |       0 |   0.0
        D:3 |      67 |     444 |  86.9 |      18 |      13 |  41.9
        D:4 |     510 |       0 |   0.0 |      29 |       0 |   0.0
        D:5 |     869 |       0 |   0.0 |      23 |       0 |   0.0
        D:6 |     612 |       0 |   0.0 |      15 |       0 |   0.0
        D:7 |     445 |     775 |  63.5 |       3 |       6 |  66.7
        D:8 |    1680 |     989 |  37.1 |      21 |       8 |  27.6
     Lair:1 |    3372 |    5591 |  62.4 |      11 |      15 |  57.7
     Lair:2 |    2180 |     189 |   8.0 |       9 |       1 |  10.0
            +---------+---------+-------+---------+---------+-------

Skill      XL: |  1  2  3  4  5  6  7  8  9 10 11 |
---------------+----------------------------------+-----
Stealth        | 3 4 5 6 7 8 9 10 | 10.3
Dodging        | 3 4 5 7 8 9 10 | 10.1
Spellcasting   | 4 5 6 7 9 10 | 10.9
Conjurations   | 5 6 7 8 9 |  9.8
Hexes          | 2 4 6 7 9 |  9.0
Translocations | 1 3 5 6 |  6.5
Invocations    | 3 4 |  4.0

Action                     |  1- 3 |  4- 6 |  7- 9 | 10-12 || total
---------------------------+-------+-------+-------+-------++-------
  Melee: Dagger            |     2 |     1 |     6 |    33 ||    42
   Cast: Magic Dart        |    89 |    79 |   196 |    47 ||   411
         Searing Ray       |       |    13 |    54 |    35 ||   102
         Iskenderun's Myst |       |       |       |    15 ||    15
         Dazzling Flash    |       |       |       |     4 ||     4
         Fulminant Prism   |       |       |       |     3 ||     3
 Invoke: Ancestor Identity |       |       |     1 |       ||     1
         Recall Ancestor   |       |       |       |     2 ||     2
         Ancestor Life: Kn |       |       |       |     1 ||     1
  Evoke: Wand              |       |     4 |       |     4 ||     8
    Use: Scroll            |       |     5 |    15 |     8 ||    28
         Potion            |       |     3 |       |     7 ||    10
   Stab: Sleeping          |       |       |     1 |     1 ||     2
 Armour: Robe              |     3 |    27 |     1 |       ||    31
         Leather armour    |       |       |    47 |    70 ||   117
         Skin              |       |       |       |    60 ||    60
  Dodge: Dodged            |     2 |    35 |    61 |    82 ||   180

Illustrated notes

Table legend:
 A = Kills in this place as a percentage of kills in the entire game.
 B = Kills by you in this place as a percentage of kills by you in the entire game.
 C = Kills by friends in this place as a percentage of kills by friends in the entire game.
 D = Other kills in this place as a percentage of other kills in the entire game.
 E = Experience gained in this place as a percentage of experience gained in the entire game.
 F = Experience gained in this place divided by the number of levels of this place that you have seen.
                   A       B       C       D       E      F
               +-------+-------+-------+-------+-------+----------------------
         Total | 100.0 | 100.0 | 100.0 |   N/A | 100.0 | 1619.3
       Dungeon |  82.7 |  84.8 |  40.0 |   N/A |  36.4 | 810.0
          Lair |  17.3 |  15.2 |  60.0 |   N/A |  63.6 | 5666.0
               +-------+-------+-------+-------+-------+----------------------

Table legend: (Time is in decaauts)
 A = Elapsed time spent in this place.
 B = Non-inter-level travel time spent in this place.
 C = Inter-level travel time spent in this place.
 D = Time resting spent in this place.
 E = Time spent auto-exploring this place.
 F = Levels seen in this place.
 G = Mean time per level.
                   A        B        C        D        E       F      G
               +--------+--------+--------+--------+--------+-----+--------+
         Total |  16652 |  16089 |    563 |   7635 |   5614 |  11 | 1513.8 |
       Dungeon |  13966 |  13417 |    549 |   5981 |   5582 |   8 | 1745.8 |
        Temple |     66 |     53 |     13 |      0 |      0 |   1 |   66.0 |
          Lair |   2619 |   2619 |      0 |   1654 |     32 |   2 | 1309.5 |
               +--------+--------+--------+--------+--------+-----+--------+

Top non-repeatable levels by time:
     D:4: 2410 daAuts
     D:3: 2322 daAuts
  Lair:1: 2298 daAuts
     D:5: 2224 daAuts
     D:8: 1631 daAuts
     D:7: 1602 daAuts
     D:1: 1347 daAuts
     D:2: 1256 daAuts
     D:6: 1172 daAuts
  Lair:2: 321 daAuts
  Temple: 66 daAuts
